 Dungeon Crawl Stone Soup version 0.26.0-45-g9c1d065592 (webtiles) character file.

Game seed: 7614951011536489265

36113 hawla the Eclecticist (level 13, -14/91 HPs)
             Began as a Purple Draconian Conjurer on Jan 28, 2021.
             Was an Elder of Vehumet.
             Demolished by a death yak (26 damage)
             ... on level 2 of the Lair of Beasts.
             The game lasted 01:08:24 (23689 turns).

hawla the Eclecticist (Purple Draconian Conjurer)  Turns: 23689, Time: 01:08:24

Health: -14/91     AC: 14    Str:  9    XL:     13   Next: 51%
Magic:  32/43      EV: 13    Int: 24    God:    Vehumet [****..]
Gold:   846        SH:  7    Dex: 10    Spells: 35/47 levels left

rFire    + + +     SeeInvis +   M - staff of fire
rCold    + . .     Faith    .   C - +3 warlock's mirror {reflect}
rNeg     + + +     Spirit   .   (armour unavailable)
rPois    .         Reflect  +   A - +2 hat {SInv}
rElec    +         Harm     .   z - +0 cloak (curse)
rCorr    .         Rampage  .   K - +1 pair of gloves of Qeatinuf {rN+++ Regen+ SInv Stlth-}
Will     .....                  s - +0 pair of boots
Stlth    +.........             i - amulet of the acrobat
HPRegen  0.65/turn              r - ring of magical power
MPRegen  0.28/turn              I - ring "Ziudghedo" {rElec rF++ rC+ Will-}

@: no status effects
A: breathe power, unfitting armour, cold-blooded, AC +8
a: Breathe Dispelling Energy, Renounce Religion


You were on level 2 of the Lair of Beasts.
You worshipped Vehumet.
Vehumet was greatly pleased with you.
You visited 4 branches of the dungeon, and saw 18 of its levels.
You also visited: Sewer.

You collected 1146 gold pieces.
You spent 300 gold pieces at shops.

Inventory:

Hand Weapons
 J - the +5 trident of Armageddon {drain, rN+ Str+4}
   (You took it off a spriggan on level 14 of the Dungeon)

   A truly terrible weapon, it drains the life of those it strikes.
   It affects your strength (+4).
   It protects you from negative energy.
 O - a +0 scimitar of flaming
Missiles
 o - 19 poisoned darts
 D - 8 silver javelins (quivered)
Armour
 s - a +0 pair of boots (worn)
 z - a cursed +0 cloak (worn)
 A - a +2 hat of see invisible (worn)
 C - the +3 warlock's mirror (worn) {reflect}
   (You acquired it on level 1 of the Orcish Mines)
 K - the +1 pair of gloves of Qeatinuf (worn) {rN+++ Regen+ SInv Stlth-}
   (You found it on level 14 of the Dungeon)

   It renders you almost immune to negative energy.
   It lets you see invisible.
   It increases your rate of regeneration.
   It makes you less stealthy.
Magical Staves
 M - an uncursed staff of fire (weapon)
Jewellery
 i - an amulet of the acrobat (around neck)
 k - an uncursed ring of positive energy
 r - a ring of magical power (left hand)
 B - an uncursed ring of protection from fire
 I - the ring "Ziudghedo" (right hand) {rElec rF++ rC+ Will-}
   (You found it on level 12 of the Dungeon)

   [ring of protection from cold]

   It greatly protects you from fire.
   It protects you from cold.
   It insulates you from electricity.
   It affects your willpower, your defense against some magical effects.
 N - an uncursed ring of flight
Wands
 b - a wand of acid (8)
 c - a wand of enslavement (18)
 h - a wand of iceblast (22)
 j - a wand of disintegration (28)
Scrolls
 e - 8 scrolls of teleportation
 f - a scroll of vulnerability {unknown}
 g - 2 scrolls of remove curse
 l - a scroll of fear
 n - 4 scrolls of magic mapping
 q - a scroll of enchant armour
 t - a scroll of summoning
 y - a scroll of amnesia
 E - 4 scrolls of identify
 G - a scroll of fog
Potions
 a - 4 potions of invisibility
 d - 2 potions of heal wounds
 m - 3 potions of resistance
 u - a potion of flight
 x - 2 potions of haste
 F - a potion of might
 H - a potion of curing
Miscellaneous
 Q - a box of beasts


   Skills:
 - Level 2.0 Fighting
 - Level 12.0 Staves
 - Level 2.0 Throwing
 - Level 4.0 Dodging
 - Level 1.7 Stealth
 - Level 4.0 Shields
 + Level 17.6 Spellcasting
 - Level 6.6 Conjurations
 - Level 5.0 Translocations
 - Level 1.0 Fire Magic
 - Level 4.0 Evocations


You had 35 spell levels left.
You knew the following spells:

 Your Spells              Type           Power        Failure   Level
a - Magic Dart            Conj           100%         1%          1
b - Searing Ray           Conj           100%         1%          2
c - Iskenderun's Mystic   Conj/Tloc      49%          1%          4
d - Blink                 Tloc           N/A          1%          2
e - Conjure Flame         Conj/Fire      56%          1%          3

Your spell library contained the following spells:

 Spells                   Type           Power        Failure   Level
 Lee's Rapid Deconstruct  Erth           10%          17%         5
 Shock                    Conj/Air       100%         1%          1
 Dazzling Flash           Conj/Hex       72%          1%          3
 Mephitic Cloud           Conj/Pois/Air  31%          1%          3
 Static Discharge         Conj/Air       36%          1%          3
 Fulminant Prism          Conj/Hex       18%          1%          4
 Call Imp                 Summ           21%          3%          2
 Slow                     Hex            21%          3%          2
 Swiftness                Air            21%          3%          2
 Lightning Bolt           Conj/Air       18%          4%          5
 Airstrike                Air            10%          7%          4
 Summon Lightning Spire   Summ/Air       21%          24%         4
 Alistair's Intoxication  Tmut/Pois      14%          56%         5


Dungeon Overview and Level Annotations

Branches:
Dungeon (14/15)            Temple (1/1) D:7            Lair (2/6) D:8
    Orc (1/2) D:11         Vaults (0/5) D:14          Sewer (visited)
  Swamp: Lair:2-4    Shoals: Lair:2-4     Snake: Lair:2-4    Spider: Lair:2-4

Altars:
Ashenzari
Cheibriados
Dithmenos
Elyvilon
Fedhas
Gozag
Hepliaklqana
Kikubaaqudgha
Makhleb
Nemelex Xobeh
Okawaru
Qazlal
Ru
Sif Muna
Trog
Uskayaw
Vehumet
Wu Jian
Xom
Yredelemnul
Zin
The Shining One

Shops:
D:9 *   D:10 :   D:12 }

Annotations:
D:12 Hehehe's ghost, journeyman DDFi


Innate Abilities, Weirdness & Mutations

You can breathe bolts of dispelling energy.
Your rich purple scales are hard. (AC +8)
You cannot fit into any form of body armour.
You are cold-blooded and may be slowed by cold attacks.


Message History

You erupt in a blast of force!
The mystic blast hits the yak!
The yak is moderately wounded.
The mystic blast hits the yak!
The yak is lightly wounded.
The yak is knocked back by the mystic blast.
The yak slams into the rock wall!
The mystic blast hits the death yak!
The death yak is lightly wounded.
The death yak is knocked back by the mystic blast.
The mystic blast hits the death yak but does no damage.
The death yak is lightly wounded.
The mystic blast hits the death yak!
The death yak is moderately wounded.
The mystic blast hits the death yak.
The death yak is heavily wounded.
The death yak is knocked back by the mystic blast.
You hear an angry growl.
The death yak gores you!!
* * * LOW HITPOINT WARNING * * *
The death yak gores you!!
You die...

. #. .. .. . #.
#### Y..
.#.##.#.Y#.Yh..
.......@.YYY.Y.
........Y.YY...
####.....#####.
#...#..#
.........
...........
P.P.. #####
#....


You could see 5 death yaks, 5 yaks and a black bear.

Vanquished Creatures
  Gastronok (D:12)
  The ghost of hawla the Thaumaturge, a journeyman DrCj of Gozag (D:14)
  Harold (D:9)
  8 vault guards (D:14)
  A death knight (D:14)
  2 centaur warriors
  5 two-headed ogres
  A deep troll earth mage (D:9)
  A death yak (Lair:2)
  A skeletal warrior (D:12)
  An unseen horror (D:14)
  A wizard (D:14)
  A wolf spider zombie (D:12)
  A cyclops (D:12)
  A deep elf mage (D:12)
  An ugly thing (D:12)
  A manticore (D:11)
  3 gargoyles (D:12)
  A komodo dragon (Lair:1)
  An efreet (D:11)
  3 freezing wraiths (D:14)
  A kobold demonologist (D:14)
  A troll (D:8)
  2 hornets
  2 polar bears
  3 blink frogs (Lair:1)
  A water elemental (D:14)
  2 spriggans (D:14)
  2 shadows (D:13)
  A wyvern (D:12)
  3 wraiths (D:14)
  27 yaks
  3 water moccasins
  A hornet zombie (D:7)
  8 orc warriors
  3 sky beasts
  3 black bears
  4 phantoms
  7 ice beasts
  3 ogres
  3 wolves (D:12)
  A boggart (D:14)
  11 centaurs
  5 big kobolds
  8 bullfrogs
  A gnoll sergeant (D:7)
  A scorpion (D:4)
  12 killer bees
  9 wights
  A howler monkey (D:8)
  6 electric eels
  2 centaur zombies
  3 bullfrog zombies
  10 hounds
  A wyvern simulacrum (D:12)
  3 jellies
  10 orc priests
  A centaur skeleton (D:4)
  2 bullfrog skeletons
  3 iguanas
  Terence (D:2)
  15 orc wizards
  5 worker ants
  Natasha (thrice) (D:3)
  A bullfrog simulacrum (D:12)
  2 hound skeletons
  A howler monkey zombie (D:9)
  A howler monkey skeleton (D:5)
  9 gnolls
  12 adders
  A shadow imp (D:13)
  2 white imps
  6 ufetubi
  2 oozes (D:1)
  3 worms
  The ghost of Snicker the Sneak, a weakling DsDe (D:6)
  2 dart slugs
  13 leopard geckos
  51 orcs
  11 bats
  4 giant cockroaches
  12 goblins
  10 hobgoblins
  25 jackals
  31 kobolds
  2 quokkas
  3 ball pythons
  6 frilled lizards
  A jackal skeleton (D:8)
  2 quokka skeletons (D:5)
  8 rats
453 creatures vanquished.

Vanquished Creatures (others)
  A centaur (D:5)
  3 fungi
  16 plants
20 creatures vanquished.

Grand Total: 473 creatures vanquished

Notes
Turn   | Place    | Note
-------+----------+-------------------------------------------
     0 | D:1      | hawla the Draconian Conjurer began the quest for the Orb.
     0 | D:1      | Reached XP level 1. HP: 14/14 MP: 3/3
   314 | D:1      | Reached skill level 1 in Fighting
   330 | D:1      | Reached XP level 2. HP: 7/23 MP: 0/5
   560 | D:1      | Learned a level 2 spell: Searing Ray
  1029 | D:1      | Reached XP level 3. HP: 29/29 MP: 5/7
  1349 | D:1      | Reached skill level 3 in Spellcasting
  1888 | D:2      | Noticed Terence
  1898 | D:2      | Killed Terence
  1899 | D:2      | Reached XP level 4. HP: 31/36 MP: 1/9
  1904 | D:2      | Learned a level 4 spell: Iskenderun's Mystic Blast
  2446 | D:3      | Reached skill level 1 in Translocations
  2544 | D:3      | Reached XP level 5. HP: 41/41 MP: 7/10
  2745 | D:3      | Noticed Natasha
  2756 | D:3      | Killed Natasha
  2757 | D:3      | Reached skill level 4 in Spellcasting
  2792 | D:3      | Noticed Natasha
  2797 | D:3      | Killed Natasha
  3129 | D:3      | Noticed Natasha
  3133 | D:3      | Killed Natasha
  3188 | D:3      | Reached XP level 6. HP: 48/48 MP: 7/12
  3466 | D:3      | Reached skill level 5 in Conjurations
  4235 | D:4      | Found a glowing drain.
  4244 | Sewer    | Entered a sewer
  5474 | D:4      | Found a glowing golden altar of the Shining One.
  5476 | D:4      | Noticed an angel
  5527 | D:4      | Found a basalt altar of Yredelemnul.
  5628 | D:4      | Your scales start taking on a rich purple colour.
  5628 | D:4      | Reached skill level 5 in Spellcasting
  5628 | D:4      | Reached XP level 7. HP: 55/55 MP: 8/15
  6087 | D:4      | Noticed a profane servitor
  6134 | D:5      | Entered Level 5 of the Dungeon
  6776 | D:5      | Reached skill level 6 in Spellcasting
  6819 | D:5      | Reached skill level 5 in Translocations
  6827 | D:5      | Reached XP level 8. HP: 28/61 MP: 8/17
  7224 | D:5      | Got a shimmering mace
  7225 | D:5      | Identified the cursed +1 mace of Moabeodd {freeze, rPois}
                  | (You found it on level 5 of the Dungeon)
  7269 | D:6      | Reached skill level 1 in Throwing
  7404 | D:6      | Found a transporter.
  7409 | D:6      | Found a transporter.
  7409 | D:6      | Noticed Snicker's ghost (weakling DsDe)
  7411 | D:6      | Noticed a hornet
  7442 | D:6      | Reached skill level 7 in Spellcasting
  7975 | D:6      | Reached skill level 8 in Spellcasting
  8447 | D:6      | Reached skill level 9 in Spellcasting
  8448 | D:6      | Killed Snicker's ghost
  8457 | D:6      | Paralysed by a hornet for 2 turns
  8466 | D:6      | Killed a hornet
  8467 | D:6      | Reached skill level 10 in Spellcasting
  8467 | D:6      | Reached XP level 9. HP: 41/67 MP: 0/23
  8879 | D:7      | Found a white marble altar of Elyvilon.
  9170 | D:7      | Reached skill level 11 in Spellcasting
  9316 | D:7      | Reached skill level 1 in Shields
  9494 | D:7      | Found a staircase to the Ecumenical Temple.
  9667 | Temple   | Entered the Ecumenical Temple
  9776 | Temple   | Became a worshipper of Vehumet
 10116 | D:7      | Found a broken altar of Ashenzari.
 10124 | D:7      | Found a stormy altar of Qazlal.
 10125 | D:7      | Found a shadowy altar of Dithmenos.
 10129 | D:7      | Found an iron altar of Okawaru.
 10130 | D:7      | Found a burning altar of Makhleb.
 10328 | D:8      | Reached skill level 1 in Staves
 10467 | D:8      | Found a staircase to the Lair.
 11312 | D:8      | Noticed a troll
 11322 | D:8      | Killed a troll
 11323 | D:8      | Reached XP level 10. HP: 57/73 MP: 7/25
 11654 | D:9      | Identified a scroll of acquirement
 11654 | D:9      | Acquired a +2 hat of see invisible
 11686 | D:9      | Noticed a two-headed ogre
 11693 | D:9      | Killed a two-headed ogre
 11694 | D:9      | Reached skill level 12 in Spellcasting
 11802 | D:9      | Found a hide-covered altar of Uskayaw.
 11944 | D:9      | Reached * piety under Vehumet
 11944 | D:9      | Offered knowledge of Freeze by Vehumet.
 11954 | D:9      | Reached skill level 5 in Staves
 12190 | D:9      | Found Maq Zeoxeeb's Assorted Antiques.
 12193 | D:9      | Noticed a centaur warrior
 12194 | D:9      | Found a transporter.
 12194 | D:9      | Noticed a deep troll earth mage
 12196 | D:9      | Found the brooch of Shielding {Spirit SH+8}
 12196 | D:9      | Found a shimmering altar of Xom.
 12212 | D:9      | Found a transporter.
 12243 | D:9      | Killed a centaur warrior
 12246 | D:9      | Killed a deep troll earth mage
 12454 | D:9      | Noticed Harold
 12464 | D:9      | Killed Harold
 12465 | D:9      | Reached skill level 13 in Spellcasting
 12465 | D:9      | Reached XP level 11. HP: 68/79 MP: 13/28
 12681 | D:9      | Offered knowledge of Sandblast by Vehumet.
 12829 | D:9      | Reached ** piety under Vehumet
 13318 | D:10     | Entered Level 10 of the Dungeon
 13589 | D:10     | You fall into a shaft and drop 3 floors!
 13743 | D:12     | Noticed a centaur warrior
 13748 | D:12     | Noticed Hehehe's ghost (journeyman DDFi)
 13750 | D:12     | Offered knowledge of Static Discharge by Vehumet.
 13755 | D:12     | Noticed a deep elf mage
 13758 | D:12     | Noticed a skeletal warrior
 13762 | D:12     | Killed a centaur warrior
 13763 | D:12     | Reached skill level 14 in Spellcasting
 14134 | D:12     | Found a transporter.
 14137 | D:12     | Found a transporter.
 14185 | D:12     | Noticed Gastronok
 14206 | D:12     | Killed Gastronok
 14377 | D:11     | Reached *** piety under Vehumet
 14482 | D:11     | Found a sacrificial altar of Ru.
 14493 | D:11     | Noticed a two-headed ogre
 14501 | D:11     | Killed a two-headed ogre
 14502 | D:11     | Reached skill level 15 in Spellcasting
 14724 | D:11     | Found a staircase to the Orcish Mines.
 14739 | Orc:1    | Entered Level 1 of the Orcish Mines
 14980 | Orc:1    | Acquired the +3 warlock's mirror {reflect}
 14981 | Orc:1    | Found the +3 warlock's mirror {reflect}
 15532 | D:10     | Found Hadanwye's Book Emporium.
 16154 | D:10     | Offered knowledge of Airstrike by Vehumet.
 16947 | D:12     | Reached XP level 12. HP: 60/85 MP: 20/31
 17147 | D:10     | Bought a book of Minor Magic for 300 gold pieces
 17150 | D:10     | Learned a level 2 spell: Blink
 17154 | D:10     | Learned a level 3 spell: Conjure Flame
 17699 | D:12     | Reached skill level 1 in Fire Magic
 17787 | D:12     | Noticed a two-headed ogre
 17793 | D:12     | Killed a two-headed ogre
 18179 | D:12     | Found Huump's Gadget Boutique.
 18625 | D:13     | Noticed a two-headed ogre
 18635 | D:13     | Killed a two-headed ogre
 18781 | D:13     | Reached **** piety under Vehumet
 18856 | D:13     | Identified the Compendium of Floating Toxins
 18907 | D:13     | Reached skill level 16 in Spellcasting
 18907 | D:13     | Reached skill level 1 in Evocations
 18913 | D:13     | Reached skill level 10 in Staves
 19074 | D:13     | Found a shadowy altar of Dithmenos.
 19076 | D:13     | Offered knowledge of Lee's Rapid Deconstruction by Vehumet.
 19211 | D:14     | Noticed a death knight
 19327 | D:14     | Killed a death knight
 19766 | D:14     | Noticed a two-headed ogre
 19772 | D:14     | Killed a two-headed ogre
 19952 | D:14     | Found a gate to the Vaults.
 19952 | D:14     | Noticed a vault guard
 19952 | D:14     | Noticed a vault guard
 19952 | D:14     | Noticed a vault guard
 19952 | D:14     | Noticed a vault guard
 19952 | D:14     | Noticed a vault guard
 19953 | D:14     | Noticed a vault guard
 19953 | D:14     | Noticed a vault guard
 19953 | D:14     | Noticed a vault guard
 19963 | D:14     | Killed a vault guard
 19966 | D:14     | Killed a vault guard
 19968 | D:14     | Killed a vault guard
 19968 | D:14     | Killed a vault guard
 19969 | D:14     | Reached XP level 13. HP: 78/91 MP: 29/33
 20082 | D:14     | Reached skill level 17 in Spellcasting
 20639 | D:14     | Found a runed translucent door.
 20640 | D:14     | Identified the +5 trident of Armageddon {drain, rN+ Str+4}
 20642 | D:14     | Noticed hawla's ghost (journeyman DrCj)
 21839 | D:12     | Got a faintly glowing golden ring
 21850 | D:12     | Identified the ring "Ziudghedo" {rElec rF++ rC+ Will-} (You
                  | found it on level 12 of the Dungeon)
 22159 | D:14     | Killed hawla's ghost
 22180 | D:14     | Got a pair of spiked gloves
 22191 | D:14     | Identified the +1 pair of gloves of Qeatinuf {rN+++ Regen+
                  | SInv Stlth-} (You found it on level 14 of the Dungeon)
 22883 | Lair:1   | Entered Level 1 of the Lair of Beasts
 23689 | Lair:2   | Demolished by a death yak

Illustrated notes

Levels and vault maps discovered:
D:1:      minmay_arrival_checkered_box, layout_loops_ring
D:2:      layout_rooms, uniq_terence
D:3:      wad_river_or_something, layout_loops_ring, minmay_misc_feat_plants,
          hangedman_decor_clover_reticule, skrybe_limestone_x, uniq_natasha
D:4:      layout_loops_ring, grunt_temple_overflow_holy_war,
          portal_sewer_entry_d
D:5:      layout_loops_cross
D:6:      layout_loops_ring, gammafunk_ghost_hive
D:7:      layout_basic, elyvilon_altar_1, minitemple,
          minmay_temple_entry_glassed_door
D:8:      layout_gridville, erik_lair_island
D:9:      layout_irregular_city, gammafunk_temple_overflow_arena,
          lemuel_round_altar, serial_shops, shop, uniq_harold
D:10:     layout_basic, serial_shops, nicolae_shop_waterfront, glass_columns_a,
          hangedman_decor_peaks_small
D:11:     layout_cave_pods, orc_0_dummy, lemuel_altar_in_water
D:12:     layout_gridville, serial_shops, shop, gammafunk_ghost_arena,
          serial_ice, serial_ice_f, serial_ice_o, serial_ice_l, serial_ice_g,
          uniq_gastronok
D:13:     layout_rooms, grunt_dithmenos_shadows
D:14:     layout_roguey, erik_vaults_2, kennysheep_boxes,
          ebering_ghost_funeral_grove, serial_glass, glass_columns_b,
          glass_columns_a
Temple:   hc_temple_tempest_star
Lair:1:   layout_chaotic_city, grunt_forest_small_clearing_treed
Lair:2:   layout_long_grid, dummy_snake_entry, infiniplex_staircase_pool
Orc:1:    layout_diamond_mine

Skill      XL: |  1  2  3  4  5  6  7  8  9 10 11 12 13 |
---------------+----------------------------------------+-----
Fighting       | 1 2 |  2.0
Spellcasting   | 3 4 5 6 10 11 13 15 16 17 | 17.6
Translocations | 1 2 3 5 |  5.0
Conjurations   | 5 6 |  6.6
Throwing       | 1 2 |  2.0
Shields        | 4 |  4.0
Staves         | 3 6 8 11 12 | 12.0
Dodging        | 4 |  4.0
Fire Magic     | 1 |  1.0
Evocations     | 4 |  4.0
Stealth        | |  1.7

Action                   |  1- 3 |  4- 6 |  7- 9 | 10-12 | 13-15 || total
-------------------------+-------+-------+-------+-------+-------++-------
Melee: Club              |    18 |     8 |       |       |       ||    26
       Unarmed           |     8 |       |       |       |       ||     8
       Tailslap          |     2 |     7 |     5 |    15 |       ||    29
       Whip              |       |    54 |     5 |       |       ||    59
       Mace              |       |       |    59 |    86 |       ||   145
       Staff             |       |       |       |    28 |    45 ||    73
Throw: Boomerang         |       |       |     4 |       |       ||     4
       Javelin           |       |       |       |       |     5 ||     5
 Cast: Magic Dart        |    41 |    73 |    84 |    93 |    18 ||   309
       Searing Ray       |    17 |    40 |    72 |   117 |    42 ||   288
       Iskenderun's Myst |       |     2 |    23 |    90 |    40 ||   155
       Conjure Flame     |       |       |       |     2 |       ||     2
 Abil: Breathe Dispellin |       |       |       |     1 |     2 ||     3
Evoke: Wand              |       |       |       |       |     6 ||     6
  Use: Scroll            |     7 |     2 |    11 |     9 |     3 ||    32
       Potion            |       |     1 |     7 |     2 |     5 ||    15
 Stab: Sleeping          |       |       |     1 |     1 |       ||     2
Armor: Skin              |    15 |    40 |    73 |    60 |    30 ||   218
Dodge: Dodged            |    28 |    51 |   121 |   261 |    62 ||   523
Block: Buckler           |       |       |       |    80 |    45 ||   125
       Reflection        |       |       |       |     4 |     3 ||     7
